 Dungeon Crawl Stone Soup version 0.18.1-1-g2f07953 (webtiles) character file.

366 Eucla the Skirmisher (level 6, -5/58 HPs)
             Began as a Hill Orc Monk on May 8, 2016.
             Was an Initiate of Ru.
             Killed from afar by Natasha (6 damage)
             ... with a magic dart
             ... on level 3 of the Dungeon.
             The game lasted 00:05:11 (2551 turns).

Eucla the Skirmisher (Hill Orc Monk)                Turns: 2551, Time: 00:05:12

Health: -5/58      AC:  6    Str: 15    XL:     6   Next: 68%
Magic:  6/6        EV: 11    Int: 10    God:    Ru [......]
Gold:   114        SH:  0    Dex: 10    Spells: 0 memorised, 5 levels left

rFire  . . .     SeeInvis .     m - +0 hand axe
rCold  . . .     Gourm    .     f - +0 ring mail
rNeg   . . .     Faith    .     (no shield)
rPois  .         Spirit   .     g - +0 helmet
rElec  .         Dismiss  .     (no cloak)
rCorr  .         Reflect  .     (no gloves)
SustAt .         Harm     .     (no boots)
MR     .....                    (no amulet)
Stlth  +.........               (no ring)
                                i - -4 ring of dexterity (curse)

@: slowed, very slow, not resistant to hostile enchantments, very unstealthy
A: no striking features
a: Renounce Religion


You were on level 3 of the Dungeon.
You worshipped Ru.
Ru was noncommittal.
You were not hungry.

You visited 1 branch of the dungeon, and saw 3 of its levels.

You collected 114 gold pieces.

Inventory:

Hand Weapons
 m - a +0 hand axe (weapon)
Armour
 a - a +0 robe
 f - a +0 ring mail (worn)
 g - a +0 helmet (worn)
Jewellery
 h - an uncursed amulet of dismissal
 i - a cursed -4 ring of dexterity (left hand)
Wands
 n - a wand of iceblast (10/15)
Scrolls
 c - a scroll of identify
Potions
 d - a potion of degeneration
Comestibles
 b - 2 bread rations
 j - a meat ration


   Skills:
 + Level 6.4 Fighting
 * Level 4.7 Axes
 - Level 3.5 Dodging
 - Level 1.5 Stealth
 - Level 4.3 Unarmed Combat


You had 5 spell levels left.
You didn't know any spells.

Dungeon Overview and Level Annotations

Branches:
Dungeon (3/15)

Altars:
Ru
The Shining One

Annotations:
D:3 Natasha


Message History

* * * LOW HITPOINT WARNING * * *
Natasha claws you but does no damage.
Unknown command.
You hit Natasha.
Natasha is almost dead.
You hit the worm.
The worm is almost dead.
Natasha claws you.
* * * LOW HITPOINT WARNING * * *
The worm barely misses you. Natasha claws you!
* * * LOW HITPOINT WARNING * * *
Unknown command.
You closely miss Natasha.
Natasha is almost dead.
You hit the worm but do no damage.
The worm is severely wounded.
The worm barely misses you. Natasha casts a spell at you.
The magic dart hits you!
You die...

........<#####.#
.....##### ##..# #
......# #..## #. #..##.#
###.... #.
##..##.###....<.
#.###...........####
#.....#..#......#...
#####...h.............##
.....[w@...)..#.#..%....
.#....######.#.....#####
#.[#. #...#.### ... #
#####.# .. ... . .....
$...... #......##
#......#


You could see a worm and Natasha.

Vanquished Creatures
  Sigmund (D:3)
  Jessica (D:3)
  Ijyb (D:3)
  Natasha (D:3)
  7 adders
  2 worms (D:2)
  A dart slug (D:2)
  A giant gecko (D:2)
  4 orcs (D:3)
  3 ball pythons
  6 bats
  A giant cockroach (D:2)
  7 hobgoblins
  3 giant newts
  10 goblins
  13 kobolds
  3 rats
65 creatures vanquished.

Notes
Turn   | Place    | Note
--------------------------------------------------------------
     0 | D:1      | Eucla the Hill Orc Monk began the quest for the Orb.
     0 | D:1      | Reached XP level 1. HP: 19/19 MP: 1/1
   154 | D:1      | Reached XP level 2. HP: 21/27 MP: 2/2
   164 | D:1      | Reached skill level 4 in Fighting
   811 | D:2      | Reached XP level 3. HP: 32/34 MP: 3/3
  1101 | D:2      | Reached skill level 5 in Fighting
  1254 | D:2      | Reached XP level 4. HP: 42/42 MP: 4/4
  1299 | D:2      | Found a sacrificial altar of Ru.
  1312 | D:2      | Became a worshipper of Ru the Awakened
  1341 | D:2      | Found a glowing golden altar of the Shining One.
  1874 | D:3      | Reached XP level 5. HP: 28/48 MP: 5/5
  1919 | D:3      | Noticed Ijyb
  1942 | D:3      | Killed Ijyb
  1942 | D:3      | Reached skill level 1 in Axes
  1951 | D:3      | Noticed Sigmund
  1957 | D:3      | Noticed Jessica
  1983 | D:2      | HP: 2/49 [poisoned by an adder]
  2307 | D:3      | Killed Sigmund
  2307 | D:3      | Reached skill level 6 in Fighting
  2307 | D:3      | Reached XP level 6. HP: 21/57 MP: 6/6
  2431 | D:3      | Noticed Natasha
  2447 | D:3      | Killed Natasha
  2523 | D:3      | Killed Jessica
  2543 | D:3      | Noticed Natasha
  2550 | D:3      | HP: 1/58 [Natasha (7)]
  2551 | D:3      | Killed from afar by Natasha

Skill      XL: |  1  2  3  4  5 |
---------------+----------------+-----
Fighting       | 4 5 6 |  6.4
Dodging        | 3 |  3.5
Axes           | 4 |  4.7
Stealth        | |  1.5
Unarmed Combat | |  4.3

Action                   |  1- 3 |  4- 6 || total
-------------------------+-------+-------++-------
Melee: Unarmed           |   142 |   106 ||   248
       Punch             |     2 |     3 ||     5
       Hand axe          |       |   113 ||   113
Invok: Reject Sacrifices |       |     1 ||     1
  Use: Scroll            |       |     3 ||     3
       Potion            |       |     3 ||     3
 Stab: Sleeping          |     1 |       ||     1
       Invisible         |       |     1 ||     1
  Eat: Chunk             |     1 |     5 ||     6
Armor: Robe              |     9 |       ||     9
       Ring mail         |    28 |    81 ||   109
Dodge: Dodged            |   110 |   160 ||   270
